 Dungeon Crawl Stone Soup version 0.22.0-16-gc6d26f6 (console) character file.

134 removed the Shooter (level 4, 0/28 HPs)
             Began as a Deep Elf Hunter on Aug 17, 2018.
             Was a Follower of Ru.
             Killed by nerve-wracking pain
             ... invoked by an orc priest
              (14 damage)
             ... on level 4 of the Dungeon.
             The game lasted 00:07:55 (2867 turns).

removed the Shooter (Deep Elf Hunter)               Turns: 2867, Time: 00:07:55

Health: 0/28       AC:  3    Str: 14    XL:     4   Next: 95%
Magic:  6/6        EV: 15    Int: 17    God:    Ru [*.....]
Gold:   173        SH:  0    Dex: 21    Spells: 3/3 levels left

rFire    . . .     SeeInvis .   a - +1 shortbow
rCold    + . .     Gourm    .   (shield currently unavailable)
rNeg     . . .     Faith    .   c - +0 leather armour
rPois    .         Spirit   .   (no helmet)
rElec    .         Reflect  .   (no cloak)
rCorr    .         Harm     .   (no gloves)
MR       .....                  (no boots)
Stlth    ++........             (no amulet)
HPRegen  0.09/turn              i - ring of protection from cold
MPRegen  0.10/turn              r - +4 ring of dexterity

@: mighty, hasted, very quick
A: agile 1, deterioration 1, mutation resistance 1, hated by all, sturdy frame 1
a: Renounce Religion


You were on level 4 of the Dungeon.
You worshipped Ru.
Ru was aware of your devotion.
You were not hungry.

You visited 1 branch of the dungeon, and saw 4 of its levels.

You collected 173 gold pieces.

Inventory:

Hand Weapons
 a - a +1 shortbow (weapon)
 b - a +2 dagger of venom
 x - a +0 short sword
Missiles
 d - 49 arrows (quivered)
Armour
 c - a +0 leather armour (worn)
Jewellery
 i - a ring of protection from cold (left hand)
 r - a +4 ring of dexterity (right hand)
Scrolls
 j - a scroll of amnesia
 m - a scroll of blinking {unknown}
 n - 3 scrolls of identify {unknown}
 p - a scroll of enchant weapon {unknown}
 s - 2 scrolls of remove curse
 t - 3 scrolls of teleportation {unknown}
 w - 2 scrolls of random uselessness {unknown}
 y - a scroll of fear {unknown}
Potions
 g - a potion of curing
 l - a potion of mutation
 o - 2 potions of haste
Comestibles
 f - 2 rations
 z - a chunk of flesh


   Skills:
 - Level 3.0 Fighting
 - Level 5.0 Bows
 + Level 4.3 Dodging
 - Level 1.2 Stealth


You had 3 spell levels left.
You didn't know any spells.
Your spell library was empty.

Dungeon Overview and Level Annotations

Branches:
Dungeon (4/15)
 Temple: D:4-7

Altars:
Ru


Innate Abilities, Weirdness & Mutations

You are hated by all.
You are agile. (Dex +2)
Your body sometimes deteriorates upon taking damage.
You are somewhat resistant to further mutation.
Your movements are slightly less encumbered by armour. (ER -2)


Message History

The orc priest is stunned by your will and fails to attack.
Firing (i - inventory)
d - 51 arrows (quivered)
Press: ? - help, Shift-Dir - straight line, f/p - orc priest
Aim: an orc priest, wearing a scale mail (moderately wounded)
You shoot an arrow.
The arrow closely misses the orc priest.
The orc priest invokes the aid of Beogh against you.
Beogh smites you!
Ouch! That really hurt!
Firing (i - inventory)
d - 50 arrows (quivered)
Press: ? - help, Shift-Dir - straight line, f/p - orc priest
Aim: an orc priest, wearing a scale mail (moderately wounded)
You shoot an arrow. The arrow hits the orc priest.
The orc priest is heavily wounded.
It was a potion of might.
You feel very mighty all of a sudden.
The orc priest calls down the wrath of Beogh upon you.
Pain shoots through your body!
Ouch! That really hurt!
You die...

#..........#
#.......... ..oo.....
(...... . ..o.. .## ...
##... #o######...# ...
#.#@.......##...
#.o.............
###.............. .
...........#........ ..
................# ...
................# ....
.....#..........##..<..
.(...+.##.#............
.....####.#............


You could see an orc priest.

Vanquished Creatures
  5 adders
  An ooze (D:2)
  A worm (D:4)
  A dart slug (D:2)
  5 leopard geckos
  8 orcs (D:3)
  2 giant cockroaches
  8 goblins
  9 hobgoblins
  5 kobolds
  4 quokkas
  A ball python (D:3)
  6 bats
  3 frilled lizards
  5 rats
64 creatures vanquished.

Notes
Turn   | Place    | Note
-------+----------+-------------------------------------------
     0 | D:1      | removed the Deep Elf Hunter began the quest for the Orb.
     0 | D:1      | Reached XP level 1. HP: 12/12 MP: 3/3
   524 | D:1      | Reached XP level 2. HP: 16/16 MP: 4/4
   549 | D:1      | Reached skill level 5 in Bows
   818 | D:1      | Reached XP level 3. HP: 17/21 MP: 5/5
  1157 | D:2      | Found a faded altar of an unknown god.
  1181 | D:2      | Became a worshipper of Ru the Awakened
  1195 | D:2      | Gained mutation: You are hated by all. [Ru sacrifice]
  1195 | D:2      | Reached * piety under Ru
  1604 | D:3      | Reached XP level 4. HP: 26/26 MP: 6/6
  2109 | D:3      | Noticed an orc warrior
  2862 | D:4      | Gained mutation: Your body sometimes deteriorates upon taking damage. [potion of mutation]
  2862 | D:4      | Gained mutation: You are agile. (Dex +2) [potion of mutation]
  2862 | D:4      | Gained mutation: Your movements are slightly less encumbered by armour. (ER -2) [potion of mutation]
  2862 | D:4      | Gained mutation: You are somewhat resistant to further mutation. [potion of mutation]
  2867 | D:4      | Killed from afar by an orc priest

Skill      XL: |  1  2  3  4 |
---------------+-------------+-----
Bows           | 5 |  5.0
Fighting       | 2 3 |  3.0
Dodging        | 3 4 |  4.3
Stealth        | |  1.2

Action                   |  1- 3 |  4- 6 || total
-------------------------+-------+-------++-------
Melee: Short sword       |    28 |     9 ||    37
       Dagger            |       |     3 ||     3
 Fire: Shortbow          |   102 |    88 ||   190
Invok: Sacrifice Love    |     1 |       ||     1
  Use: Potion            |     1 |     3 ||     4
       Scroll            |     2 |     1 ||     3
  Eat: Chunk             |     2 |     4 ||     6
Armor: Leather armour    |    22 |     6 ||    28
Dodge: Dodged            |    79 |    16 ||    95
